[Event "85th Tata Steel Challengers 2023"]
[Site "Wijk aan Zee"]
[Date "2023.01.28"]
[Round "12.6"]
[White "Warmerdam, Max"]
[Black "Vaishali, Rameshbabu"]
[Result "1-0"]
[ECO "A34"]
[WhiteElo "2616"]
[BlackElo "2425"]
[Annotator "TA"]
[PlyCount "83"]
[EventDate "2023.01.10"]
[EventType "tourn"]
[EventCountry "NED"]
[SourceTitle "playchess.com"]
[Source "ChessBase"]
[SourceQuality "1"]
[TimeControl "40/6000+30:30/3000+30:900+30"]

1. Nf3 Nf6 2. c4 c5 3. g3 Nc6 4. Bg2 d5 5. cxd5 Nxd5 6. Nc3 g6 7. h4 {[%emt 0:08:23][%cal Bh2h4,Bh4h5,Bh5h6][%mdl 32] A34: Symmetrical English: 2 Nc3, lines with ...d5.} (7. d4 $5) 7... Bg7 8. h5 Bf5 9. h6 {[%emt 0:09:01] White is slightly better.} (9. Qb3 $5 Ndb4 10. Kf1 $11) 9... Bf6 {[%emt 0:01:11] [#]} 10. Nh2 $146 ({Predecessor:} 10. O-O O-O 11. Nh2 Nxc3 12. dxc3 Qc8 13. Be3 Bh3 14. Bxc5 Bxg2 15. Kxg2 Bg5 16. Qd5 Bxh6 {½-½ Tabatabaei,M (2660)-Alekseenko,K (2672) Sitges Sunway op 9th 2022 (8)}) 10... Nxc3 11. bxc3 Qd7 12. Nf1 O-O 13. Ne3 Rfd8 14. Ba3 Rac8 15. Bxc5 b6 16. Ba3 Na5 17. Nd5 Nc4 18. Nxf6+ exf6 19. Bc1 Bg4 20. d3 Ne5 21. Qc2 Nc6 {[%emt 0:05:41][%cal Oc6d4] aiming for ...Nd4!} 22. Qb2 Re8 23. Be3 Ne7 {[%emt 0:01:08] Loses the game.} (23... Qd6 $16 {was necessary.}) 24. c4 $18 Qe6 {[%emt 0:01:07] [#] Black is weak on the dark squares} 25. Rh4 $1 Rcd8 26. O-O-O (26. Rxg4 Qxg4 27. Qxf6 Nf5 $18) 26... b5 $2 {[%emt 0:01:00] [#]} (26... Nf5 27. Rxg4 (27. Bd5 Qc8 $16) 27... Nxe3 28. fxe3 Qxg4) 27. Rxg4 $1 {[%emt 0:02:10][%mdl 576] Deflection} Qxg4 (27... bxc4 28. Rxc4) 28. Qxf6 Nf5 {[%emt 0:00:11] Against Qg7+} 29. Be4 (29. cxb5 Rc8+ 30. Bc6 a6 $17) (29. Bd5 Rxd5 30. cxd5 Qb4 $16) 29... bxc4 30. f3 (30. Bxa7 $2 cxd3 31. exd3 Rc8+ 32. Kd2 Rxe4 33. dxe4 Qxe4 $19) (30. Bf3 $142 Qh3 31. Rh1 (31. dxc4 Rxd1+ 32. Kxd1 Nxe3+ {[%mdl 64] Remove Defender} 33. fxe3 Qxh6 $17) 31... Qxh1+ 32. Bxh1 cxd3 33. exd3 (33. Bxa7 $2 dxe2 34. Qc3 e1=Q+ $19) 33... Rxd3 34. Bf3) 30... Qxg3 {[%emt 0:00:27] ...Qe5 is the strong threat.} 31. Bxf5 Qe5 (31... gxf5 32. Rg1 (32. dxc4 Rxd1+ 33. Kxd1 Qe5 $19) (32. dxc4 $2 Rxd1+ 33. Kxd1 Qe5 $19)) 32. Qxe5 Rxe5 33. Be4 (33. Bxa7 $2 Rxf5 34. Bb6 Rc8 $17) 33... f5 $2 (33... cxd3 34. Rxd3 Rxd3 35. exd3 Kf8) 34. Bf4 (34. dxc4 $2 Rxd1+ 35. Kxd1 fxe4 36. Bxa7 exf3 37. exf3 Ra5 $19) 34... Re6 35. Bb7 (35. dxc4 $2 {too greedy.} Rxd1+ 36. Kxd1 fxe4 $19) 35... Rxe2 $2 (35... cxd3 36. e4 (36. exd3 Rd7 $17) 36... d2+ 37. Bxd2 Kf8) 36. dxc4 {[%emt 0:00:11][%cal Bd3c4,Bc4c5,Bc5c6][%mdl 32] White is clearly winning.} Rxd1+ 37. Kxd1 Rb2 38. Bd5+ Kf8 39. c5 {[%emt 0:00:13] Strongly threatening c6.} Ke7 40. Bg8 Rb5 41. Bd6+ Kf6 42. c6 {[%emt 0:00:00] A cool game by Warmerdam.   Weighted Error Value: White=0.36/Black=0.47} 1-0

[Event "85th Tata Steel Challengers 2023"]
[Site "Wijk aan Zee"]
[Date "2023.01.28"]
[Round "12.7"]
[White "Mishra, Abhimanyu"]
[Black "Pechac, Jergus"]
[Result "1-0"]
[ECO "C54"]
[WhiteElo "2559"]
[BlackElo "2637"]
[Annotator "TA"]
[PlyCount "139"]
[EventDate "2023.01.10"]
[EventType "tourn"]
[EventCountry "NED"]
[SourceTitle "playchess.com"]
[Source "ChessBase"]
[SourceQuality "1"]
[TimeControl "40/6000+30:30/3000+30:900+30"]

1. e4 e5 2. Nf3 Nc6 3. Bc4 Nf6 4. d3 Bc5 5. c3 d6 6. O-O h6 7. Re1 O-O {[%emt 0:01:02] C54: Giuoco Piano: 4 c3 Nf6, main lines with 5 d4 and 5 d3.} 8. Nbd2 (8. b4 $5 Bb6 $8 9. a4 $11) 8... Bb6 9. b4 Ne7 {[%emt 0:03:53] The position is equal.} 10. Bb3 c6 11. a4 Ng6 {[%emt 0:01:21] [#]} 12. d4 $1 $146 {[%emt 0:07:49][%mdl 8] A relevant novelty.} (12. a5 $5 Bc7 $8 13. d4 $11) ({Predecessor:} 12. a5 Bc7 13. d4 Re8 14. dxe5 dxe5 15. Qc2 Nh7 16. Bc4 Qf6 17. g3 Bh3 18. Be2 {½-½ Dominguez Perez,L (2758)-So,W (2772) Saint Louis Blitz 2021 (1)}) 12... d5 (12... Re8 $11 {might be stronger.}) 13. a5 (13. Nxe5 Nxe5 14. a5 (14. dxe5 Ng4 $15) 14... Nd3 15. axb6 Nxe1 16. Qxe1 Qxb6 $15) 13... Bc7 14. exd5 exd4 15. Nxd4 Nxd5 16. Ne4 Re8 17. h3 (17. g3 $14) 17... Be5 (17... Nxc3 $1 $11 18. Nxc3 (18. Bxf7+ Kxf7 19. Qf3+ Kg8 $11) 18... Rxe1+ 19. Qxe1 Qxd4 20. Qe8+ Kh7 21. Bxf7 Ne7 22. Qxe7 Qxc3 23. Qe4+ Bf5 24. Qxf5+ Kh8) 18. Ra2 (18. a6 $1 $16) 18... Bxd4 $11 19. Qxd4 f5 20. Bxh6 Qd7 21. Nf6+ {[%emt 0:18:08][%mdl 64] Discovered Attack} gxf6 22. Rxe8+ Qxe8 23. Qxf6 $40 {[%emt 0:00:29][%csl Gh6][%cal Rf6g7][%mdl 128] Black needs to defend precisely.} Qe1+ (23... Qf7 $5 24. Qd8+ Kh7 $15) 24. Kh2 {[%emt 0:00:06][%csl Gh6][%cal Rf6g7] Dancing on a razor blade.} Qe5+ 25. Qxe5 Nxe5 26. Re2 Nf7 (26... Ng6 $11) 27. Bxd5 $16 cxd5 28. Re8+ Kh7 29. Bf4 {[%emt 0:00:07][%mdl 1024] White has strong compensation.} b5 (29... Nh8 $16) 30. a6 $1 $18 Nh8 31. Kg3 Ng6 32. Bd6 Kg7 33. h4 Kf7 34. Rd8 f4+ 35. Bxf4 Ne7 36. h5 Nc6 37. Rd6 (37. Rxd5 $18 Bxa6 38. Rd7+ Kg8 39. h6) 37... Ne7 $14 38. Rd8 $2 (38. Kf3 $11) 38... Nc6 $1 $18 39. Rh8 (39. Rxd5 $18 {Hoping for h6.} Bxa6 40. Rd6 Rg8+ 41. Kh4) 39... Kg7 $16 40. Re8 Kf7 41. Rh8 {[%emt 0:19:52] Threatens to win with Rh7+. White is much more active.} Kg7 {[%emt 0:02:21] Prevents Rh7+} 42. Rh6 Ne7 43. Kf3 Bf5 44. Rd6 Kf7 45. g4 Be6 46. Be3 (46. Be5 $18) 46... Rf8 $2 (46... Rg8 $16) 47. Bd4 $18 (47. Bxa7 Nc8 48. Bb8 Rg8 $18) 47... Rg8 48. Bxa7 $2 (48. h6 $1 $18 {[%cal Rh6h7] aiming for h7.} Bxg4+ 49. Kf4) 48... Bxg4+ $14 49. Kf4 {[%emt 0:00:11] And now Bd4 would win.} Bxh5 50. f3 {[%emt 0:03:11] Dodges Rg4+. Strongly threatening Bd4.} Rg3 $2 {[%emt 0:29:46] [#] White leaves nothing to chance now.} 51. Bd4 $1 $18 Rxf3+ 52. Kg5 Rf5+ {[%emt 0:16:46] [#]} 53. Kh4 $1 Bd1 $2 (53... Ng6+ {was worth a try.} 54. Kh3 Rf1) 54. a7 Rh5+ 55. Kg3 {[%emt 0:00:06] White wants to mate with Rf6+.} Nf5+ 56. Kg2 ({Weaker is} 56. Kf4 Nxd6 57. a8=Q (57. a8=B $2 Rf5+ 58. Kg3 Ne4+ 59. Kg2 Bf3+ 60. Kf1 Rh5 $19) 57... Rf5+ 58. Kg3 (58. Ke3 Nc4+ 59. Kd3 Rf3+ $17) 58... Ne4+ 59. Kh2 Rh5+ 60. Kg2 Rg5+ 61. Kf1 Bb3 62. Qb7+ Kg6 $18) 56... Rg5+ (56... Nxd6 $2 57. a8=Q $18 (57. a8=B $2 Ne4 $19)) 57. Kf1 Nxd6 58. a8=Q (58. a8=B $2 {loses.} Bb3 59. Kf2 Ke6 $19) 58... Ne4 $2 (58... Bb3 59. Ke1 Bc4 60. Qa7+ Ke6) 59. Qb7+ Kg6 60. Qxb5 {[%emt 0:00:50] Black must now prevent Qe8+.} Bb3 61. Qe8+ Kf5 62. Qf7+ Kg4 63. Kg2 {[%emt 0:00:00] Qf3+ is the strong threat.} Rf5 {[%emt 0:00:00] Against Qf3+} 64. Qe6 Bd1 $2 (64... Bc4 65. Be3 Bf1+ 66. Kh2 Nf6) 65. b5 {[%emt 0:00:00][%cal Bb4b5,Bb5b6,Bb6b7][%mdl 32] White threatens b6 and mate.} Ng5 {[%emt 0:00:00] [#]} 66. Qxf5+ $3 {[%emt 0:00:40][%mdl 512] White mates.} Kxf5 67. b6 Bf3+ 68. Kg1 Ne6 69. b7 Nxd4 70. cxd4 {[%emt 0:00:05] A superb game by Mishra.   Weighted Error Value: White=0.28 (precise) /Black=0.43} (70. b8=B $2 {is the wrong capture.} Nb5 71. Kf2 Ke4 $19) 1-0

[Event "85th Tata Steel Challengers 2023"]
[Site "Wijk aan Zee"]
[Date "2023.01.29"]
[Round "13.1"]
[White "Donchenko, Alexander"]
[Black "Ivic, Velimir"]
[Result "1-0"]
[ECO "D14"]
[WhiteElo "2627"]
[BlackElo "2585"]
[Annotator "TA"]
[PlyCount "107"]
[EventDate "2023.01.10"]
[EventType "tourn"]
[EventCountry "NED"]
[SourceTitle "playchess.com"]
[Source "ChessBase"]
[SourceQuality "1"]
[TimeControl "40/6000+30:30/3000+30:900+30"]

1. d4 d5 2. c4 c6 3. Nf3 Nf6 4. cxd5 cxd5 5. Nc3 Nc6 6. Bf4 Bf5 7. e3 e6 8. Qb3 Bb4 9. Bb5 O-O 10. Bxc6 {[%emt 0:00:39] Nowadays more popular than 10.0-0.} Bxc3+ 11. Qxc3 Rc8 {[%emt 0:00:29][%mdl 64] [#] Pin. D14: Slav Defence: Exchange variation with ...Bf5.} 12. Ne5 $1 Ng4 13. Nxg4 Bxg4 {[%emt 0:00:55] [#] The position is equal.} 14. Qb4 $1 Rxc6 {[%emt 0:01:52] Black is weak on the dark squares} 15. Qxb7 Qc8 (15... Rb6 16. Qxa7 Rxb2 17. O-O $14) (15... Qa5+ {feels hotter.} 16. b4 Qa4 17. O-O Be2) 16. Qxc8 Rfxc8 17. O-O f6 {[%emt 0:14:51] [#]} 18. h4 $146 ({Predecessor:} 18. b4 a6 19. a4 Bf5 20. h3 Rb6 21. Rfc1 Rc4 22. b5 axb5 23. axb5 Rxc1+ 24. Rxc1 Rxb5 25. Rc8+ Kf7 26. Rc7+ Kg8 27. Rc8+ Kf7 28. Rc7+ Kg8 {½-½ Zhang,P (2638)-Zhou,W (2563) CHN-ch Xinghua Jiangsu 2009 (10)}) 18... Be2 19. Rfe1 Rc2 20. b3 R8c6 21. Bb8 Ra6 22. a4 Rb6 23. Bxa7 Rxb3 24. a5 Bc4 25. Bc5 Rbb2 26. Reb1 $1 (26. a6 $2 Rxf2 27. Kh2 (27. a7 $2 Rxg2+ 28. Kh1 Rh2+ 29. Kg1 Rbg2#) 27... Rxg2+ 28. Kh3 Bd3 $19) 26... Ba6 (26... Rxf2 $2 27. Rxb2 Rxb2 28. a6 Bxa6 29. Rxa6 $18) 27. Ba3 $1 Rxb1+ 28. Rxb1 $16 {[%emt 0:00:26][%mdl 4096] Endgame Rb6 is the strong threat. KRB-KRB} Ra2 29. Rb8+ Kf7 30. Ra8 Rxa3 {[%emt 0:04:17] KRB-KR} (30... Bd3 $16 {was called for.}) 31. Ra7+ (31. Rxa6 $18 e5 32. Ra7+ Ke6 33. Rxg7) 31... Kg6 32. Rxa6 {[%emt 0:00:17] KR-KR} Kf5 33. Ra7 Kg6 (33... h5 $16 34. a6 (34. Rxg7 Rxa5 35. g3 Rb5 $16) 34... e5) 34. a6 $18 e5 35. Ra8 $2 (35. dxe5 $1 $18 fxe5 36. g3) 35... exd4 $11 36. exd4 Kf5 37. a7 {[%emt 0:08:36] Kf1 would be deadly.} (37. Kf1 $5 ) 37... Kg4 (37... Ra1+ $11 38. Kh2 Ra2) 38. Rh8 (38. Kf1 $16) 38... Rxa7 39. Rxh7 Kf5 40. h5 {[%emt 0:00:24][%cal Bh4h5,Bh5h6,Bh6h7][%mdl 32] Hoping for Kh2.} Ra1+ (40... Kg5 $11) 41. Kh2 $16 g6 {[%emt 0:18:27] [#]} 42. g4+ Kg5 $2 {[%emt 0:00:05] This costs Black the game.} (42... Kxg4 $16 43. hxg6 Ra8) 43. Rg7 $18 Kxg4 {[%emt 0:06:02] [#]} 44. h6 $1 {[%emt 0:00:00][%cal Oh6h7] Threatening mate with h7!} ({Worse is} 44. Rxg6+ Kxh5 45. Rxf6 Kg4 $11) 44... Ra8 {[%emt 0:02:29] Repels h7} 45. Rxg6+ (45. h7 $142) 45... Kf5 (45... Kh5 $142 46. Rxf6 Kg5) 46. Rg7 {[%emt 0:00:00] White threatens Kg3 and mate.} Rh8 47. h7 {[%emt 0:00:00] Kg3 would kill now.} Ke4 48. Kg3 Kxd4 49. Kf4 Kd3 50. Re7 d4 51. Kf5 Kc2 52. Kxf6 {[%emt 0:00:00] White mates.} d3 53. Kg7 d2 54. Rc7+ {[%emt 0:00:00] Weighted Error Value: White=0.34/Black=0.43} ({And not} 54. Kxh8 d1=Q 55. Kg8 Qd8+ 56. Kf7 Kc3 $11) 1-0

[Event "85th Tata Steel Challengers 2023"]
[Site "Wijk aan Zee"]
[Date "2023.01.29"]
[Round "13.2"]
[White "Roebers, Eline"]
[Black "Yilmaz, Mustafa"]
[Result "0-1"]
[ECO "B90"]
[WhiteElo "2361"]
[BlackElo "2609"]
[Annotator "TA"]
[PlyCount "70"]
[EventDate "2023.01.10"]
[EventType "tourn"]
[EventCountry "NED"]
[SourceTitle "playchess.com"]
[Source "ChessBase"]
[SourceQuality "1"]
[TimeControl "40/6000+30:30/3000+30:900+30"]

1. e4 c5 2. Nf3 d6 3. d4 cxd4 4. Nxd4 Nf6 5. Nc3 a6 6. Bd3 Bd7 {[%emt 0:08:51] B90: Sicilian Najdorf: Unusual White 6th moves, 6 Be3 Ng4 and 6 Be3 e5.} 7. f4 Nc6 8. Nf3 g6 {[%emt 0:07:53] [#] The position is equal.} 9. a4 $146 ({Predecessor:} 9. O-O Bg7 10. Nd5 Nxd5 11. exd5 Nd4 12. Nxd4 Bxd4+ 13. Kh1 Bg7 14. f5 Qa5 15. Qe2 gxf5 {1-0 Chojnowski,M (2147)-Gosek,Z (2070) POL-ch blind 36th 2007 (9)}) 9... Bg7 10. O-O O-O 11. Qe1 Nb4 12. a5 b6 13. axb6 (13. e5 $5 Nxd3 14. cxd3 $11) 13... Qxb6+ 14. Kh1 Rfb8 15. Qh4 Qd8 16. e5 Nxd3 17. cxd3 Ne8 18. Nd5 {[%emt 0:10:17] aiming for f5.} f6 {[%emt 0:00:46] [#]} (18... Bf8 $11 {remains equal.}) 19. Re1 (19. f5 $1 $16 dxe5 20. fxg6 hxg6 21. Nxe5) 19... e6 $15 20. Nc3 dxe5 21. fxe5 Bc6 22. Qh3 (22. Ne4 {looks sharper.} fxe5 23. Nfg5 h6 24. Qh3) 22... Bxf3 23. Qxf3 fxe5 24. Ne4 ({Of course not} 24. Rf1 Nd6 $15) 24... Qd5 25. Qh3 ({Don't play} 25. Rf1 Nd6 26. Rd1 (26. Nxd6 Qxd6 27. Bd2 Rf8 $17) 26... Nxe4 27. dxe4 Qc6 $17) 25... Nf6 26. Nc3 (26. Bh6 $11 Nxe4 27. dxe4) 26... Qd6 27. Ra5 Nh5 $40 {[%emt 0:03:24][%mdl 128] White needs to defend precisely.} 28. Ne4 Qb6 29. Rc5 Rf8 30. Be3 Rae8 (30... Qb3 $15) 31. Rcc1 $11 Qxb2 32. Nd6 (32. Bc5 $5 ) 32... Re7 {[%emt 0:01:02] White should prevent ...Nf4.} 33. Nc4 {[%emt 0:01:15] [#]} (33. Bc5 $11) 33... Qb5 $1 $17 34. Bg5 (34. g3 $17) 34... Nf4 $19 {[%emt 0:01:06][%mdl 64] Deflection} 35. Qg4 {[%emt 0:00:20] [#]} (35. Bxf4 exf4 36. Rxe6) 35... Nxd3 $1 {[%emt 0:01:12] Weighted Error Value: White=0.42/Black=0.12 (very precise)} 0-1

[Event "85th Tata Steel Challengers 2023"]
[Site "Wijk aan Zee"]
[Date "2023.01.29"]
[Round "13.3"]
[White "Sindarov, Javokhir"]
[Black "Beerdsen, Thomas"]
[Result "1-0"]
[ECO "B11"]
[WhiteElo "2654"]
[BlackElo "2515"]
[Annotator "TA"]
[PlyCount "99"]
[EventDate "2023.01.10"]
[EventType "tourn"]
[EventCountry "NED"]
[SourceTitle "playchess.com"]
[Source "ChessBase"]
[SourceQuality "1"]
[TimeControl "40/6000+30:30/3000+30:900+30"]

1. e4 c6 2. Nc3 d5 3. Nf3 Bg4 4. h3 Bxf3 5. Qxf3 e6 6. d3 Nd7 7. Be2 $1 {[%emt 0:02:14][%mdl 4] is recently more successful than 7.Bd2.} Bd6 {[%emt 0:04:44] B11: Caro-Kann: Two Knights Variation.} 8. d4 Ne7 9. O-O {[%emt 0:15:53] [#]} Qb6 $146 (9... O-O $11 {is more appropriate.}) ({Predecessor:} 9... O-O 10. Bd3 Qb6 11. exd5 cxd5 12. Ne2 e5 13. dxe5 Nxe5 14. Qg3 Nc4 15. Qh4 Ng6 {0-1 Georgiadis,N (2577)-Dragnev,V (2551) AUT-chT 2223 2022 (3.1)}) 10. Qd3 (10. Rd1 $1 $14) 10... Rd8 11. e5 Bb8 12. Na4 Qa5 13. b3 b5 14. Nb2 O-O 15. c3 f6 16. f4 c5 17. Bg4 (17. Qxb5 Qxc3 18. Bg4 Qxd4+ 19. Kh1 Nxe5 20. Bxe6+ Kh8 $17) 17... Qb6 18. Be3 Kh8 19. Qd2 {[%emt 0:06:00] White is much more active.} Nc6 20. b4 (20. Bxe6 $6 fxe5 21. fxe5 cxd4 22. cxd4 Ncxe5 23. Bxd7 (23. dxe5 Qxe6 24. Nd3 Rxf1+ 25. Rxf1 Nxe5 $11) (23. Bxd5 Ng6 $15) 23... Nxd7 $11) 20... Qc7 (20... cxb4 $16 {was worth a try.} 21. cxb4 (21. Bxe6 bxc3 22. Qxc3 Nxd4 $11) 21... a6) 21. Kh1 (21. dxc5 fxe5 22. Nd3 (22. Bxe6 d4 $15) 22... e4 $11) (21. Bxe6 cxd4 22. Bxd4 (22. cxd4 fxe5 23. Bxd7 exd4 $11) 22... fxe5 23. Bxd7 (23. fxe5 Ndxe5 24. Rxf8+ Rxf8 $17) 23... Qxd7 24. fxe5 Nxe5 $11) (21. bxc5 $18 {aiming for Nd3.} fxe5 22. fxe5 (22. dxe5 Ndxe5 23. fxe5 h5 $16)) 21... cxd4 $14 22. cxd4 Nb6 23. Bg1 (23. a4 $5 Nc4 24. Nxc4 bxc4 25. b5 $11 (25. Bxe6 fxe5 26. fxe5 Nxe5 $15)) 23... Nc4 24. Qc3 a5 25. bxa5 (25. Bxe6 axb4 26. Qc2 Ba7 27. Nxc4 bxc4 $17) 25... f5 26. Be2 Ba7 (26... Qxa5 {simplifies} 27. Qxa5 N6xa5 28. Nd3 Ba7) 27. Nd3 Rb8 28. Rfb1 Rfc8 (28... Qxa5 $11 29. Nb4 Rfc8) 29. a6 Bb6 30. Nc5 (30. Rxb5 Nxd4 31. Rxb6 (31. Bxd4 $2 Bxd4 {[%mdl 64] Discovered Attack} 32. Qxd4 Rxb5 $19) 31... Nxe2 $11) 30... Bxc5 31. dxc5 b4 32. Qc1 N6a5 33. Qe1 Na3 34. Rc1 {[%emt 0:00:02] Prevents Nc2} N5c4 {[%emt 0:00:37] [#]} 35. g4 $1 {[%emt 0:00:14] gxf5 would be deadly.} fxg4 ({Better is} 35... Qf7 $14) 36. hxg4 (36. Bxg4 $6 Qc6 $14) 36... Qc6 37. Bd3 (37. a7 $6 Rb7 $11) 37... Nb2 {[%emt 0:01:07] [#]} 38. Bf1 Nbc4 39. Qh4 {[%emt 0:00:15] Threatens to win with Bd3.} b3 $2 {[%emt 0:00:42][%mdl 8192] This move loses the game for Black.} (39... Nd2 $16 {is tougher.}) 40. a7 $40 {[%emt 0:01:23][%mdl 128] Black is in trouble.} (40. Bd3 h6 41. a7 Ra8 42. axb3 d4+ 43. Kh2 Nd2 $16) (40. axb3 $142 Rxb3 41. Ra2) 40... Rb7 $2 (40... b2 41. axb8=R Rxb8) 41. axb3 $18 ({But not} 41. Bd3 $2 g5 42. Qh6 (42. fxg5 $2 b2 $19) 42... b2 43. Qf6+ (43. fxg5 $2 Rg7 $19) 43... Rg7 $19) 41... Rxb3 42. Ra2 {[%emt 0:00:00] Dodges Nd2. Strongly threatening Rh2.} Rb7 {[%emt 0:07:11] [#]} 43. Rxc4 $1 dxc4+ 44. Bg2 Qc7 45. Be4 {[%emt 0:00:00][%csl Ge4][%cal Rh4h7] Black is weak on the dark squares} g5 46. Qxg5 Rxa7 47. c6 c3 48. Bxa7 {[%emt 0:00:00] Qf6+ would kill now. A strong pair of Bishops.} c2 49. Qf6+ (49. Rxa3 $2 {too greedy.} c1=Q+ 50. Kg2 Qxa3 $19) 49... Kg8 50. Qxe6+ {[%emt 0:00:00] Excellently played by Sindarov!   Weighted Error Value: White=0.17 (very precise) /Black=0.57} (50. Rxa3 $2 {loses.} c1=Q+ 51. Kh2 Qxa3 $19) 1-0

[Event "85th Tata Steel Challengers 2023"]
[Site "Wijk aan Zee"]
[Date "2023.01.29"]
[Round "13.4"]
[White "Vaishali, Rameshbabu"]
[Black "Tabatabaei, M. Amin"]
[Result "0-1"]
[ECO "B94"]
[WhiteElo "2425"]
[BlackElo "2686"]
[Annotator "TA"]
[PlyCount "79"]
[EventDate "2023.01.10"]
[EventType "tourn"]
[EventCountry "NED"]
[SourceTitle "playchess.com"]
[Source "ChessBase"]
[SourceQuality "1"]
[TimeControl "40/6000+30:30/3000+30:900+30"]

1. e4 c5 2. Nf3 d6 3. d4 cxd4 4. Nxd4 Nf6 5. Nc3 a6 6. Bg5 Nbd7 7. Be3 {[%emt 0:00:05] B94: Sicilian Najdorf: 6 Bg5 Nbd7.} (7. Bc4 {with more complications.} Qa5 8. Qd2 e6 9. f3) 7... Qc7 8. g4 {[%emt 0:00:05] g5 would be deadly.} h6 9. a4 {[%emt 0:00:05] [#] The position is equal.} Ne5 $146 ({Predecessor:} 9... b6 10. Bg2 Bb7 11. h4 Ne5 12. g5 hxg5 13. hxg5 Rxh1+ 14. Bxh1 Nfd7 15. Nd5 Bxd5 16. exd5 {1-0 Kochavi,O (2356)-Leib,Y (1673) Ramat Gan Shavuot Rapid 2022 (5)}) 10. h3 Bd7 11. f4 Nc4 12. Bxc4 Qxc4 13. Qd3 Rc8 (13... Qxd3 {simplifies} 14. cxd3 e6 15. Kf2 Be7) 14. e5 Qxd3 15. cxd3 dxe5 16. fxe5 Nh7 17. Ke2 e6 {[%emt 0:09:58] Prevents Nd5} 18. Rac1 Be7 19. Ne4 O-O 20. a5 f5 21. exf6 Nxf6 22. Nxf6+ Bxf6 23. b4 Rcd8 24. Nb3 Bb5 25. Nc5 e5 (25... Be7 $15) 26. Rhd1 ({White should play} 26. g5 $1 $11 hxg5 27. Ne6) 26... Be7 $15 {[%emt 0:01:11] This pair of bishops is nice.} 27. Nxb7 {[%emt 0:07:36] [#]} (27. Ne6 $1 $15) 27... Rxd3 $1 $17 28. Rxd3 e4 $36 {[%emt 0:00:05][%cal Be5e4,Be4d3][%mdl 2144] Pin. Black is really pushing.} 29. Nc5 {[%emt 0:01:27][%cal Oc5e4] And now Nxe4! would win.} exd3+ 30. Kd2 Rf3 {[%emt 0:01:19][%cal Of3e3] ...Rxe3! is the strong threat.} 31. Rh1 {[%emt 0:10:20] [#]} (31. Nxd3 $17 Bg5 32. Re1 (32. Rc8+ $2 Kh7 $19)) 31... Rg3 $1 $19 {[%emt 0:05:16] White must now prevent ...Rg2+.} 32. Rh2 {[%emt 0:13:02] [#] Repels Rg2+} Bd6 $1 33. Rf2 Rxh3 34. Nxd3 (34. Bf4 $142 Be7 35. Rg2) 34... Rg3 35. g5 (35. Rf5 $142 Rxg4 36. Bc5 Bxc5 37. Nxc5) 35... h5 {[%emt 0:03:24][%cal Bh6h5,Bh5h4,Bh4h3,Bh3h2][%mdl 32] Hoping for ...h4.} (35... hxg5 $2 {loses.} 36. Rf5 $19) 36. Nc5 Be7 37. Rf5 $2 {[%emt 0:02:21] White does not recover from this.} (37. Rh2 $17 {is more resistant.}) 37... h4 38. Re5 {[%emt 0:02:29] [#]} h3 $1 {[%emt 0:12:00] Strongly threatening ...h2.} 39. Rxe7 (39. Re4 Rxe3) 39... h2 40. Bd4 {[%emt 0:00:21] Weighted Error Value: White=0.58/Black=0.06 (flawless)} 0-1

[Event "85th Tata Steel Challengers 2023"]
[Site "Wijk aan Zee"]
[Date "2023.01.29"]
[Round "13.5"]
[White "Adhiban, B.."]
[Black "Warmerdam, Max"]
[Result "0-1"]
[ECO "B13"]
[WhiteElo "2610"]
[BlackElo "2616"]
[Annotator "TA"]
[PlyCount "104"]
[EventDate "2023.01.10"]
[EventType "tourn"]
[EventCountry "NED"]
[SourceTitle "playchess.com"]
[Source "ChessBase"]
[SourceQuality "1"]
[TimeControl "40/6000+30:30/3000+30:900+30"]

1. c4 c6 2. e4 d5 3. exd5 cxd5 4. d4 Nf6 5. Nc3 Nc6 6. Nf3 a6 7. cxd5 {[%emt 0:10:21] 7.cxd5 scores better than 7.Bg5.} Nxd5 8. Bc4 {[%emt 0:00:07] B13: Caro-Kann: Exchange Variation and Panov-Botvinnik Attack.} Be6 9. Bb3 Nxc3 10. bxc3 {[%emt 0:00:10] The position is equal.} Bxb3 11. axb3 {[%emt 0:09:24] Threatens to win with d5.} e6 12. O-O Be7 13. c4 {[%emt 0:02:48] [#]} O-O $146 ({Predecessor:} 13... Bf6 14. Be3 O-O 15. Qd2 Qe7 16. Rad1 Rfd8 17. d5 exd5 18. cxd5 Qa3 19. Bb6 Rd7 {½-½ Kornev,A (2558)-Kurenkov,N (2393) RUS-ch sf Tula 2003 (2)}) 14. Be3 Qc7 15. Qe2 Rfd8 16. Rfd1 Bf6 17. Rac1 Qa5 18. g4 Rd7 19. Rd3 Rad8 20. Rcd1 b5 21. h3 h6 22. h4 bxc4 23. bxc4 h5 24. g5 Be7 25. g6 fxg6 26. d5 exd5 27. Bg5 {[%emt 0:09:42] Qe6+ would be deadly.} Kh8 28. Re3 $36 {[%emt 0:01:51][%cal Rg5e7][%mdl 2048] White has some pressure.} d4 $2 (28... Qa4 $11 {and Black has nothing to worry.}) 29. Rxe7 $18 Rxe7 30. Bxe7 Re8 {[%emt 0:00:04] [#]} 31. Qe6 Nxe7 (31... Rxe7 32. Qxc6 Qd8 33. Rxd4 $18) 32. Qf7 Qd8 33. Rxd4 Qc8 34. Ng5 $2 ({Only move:} 34. Ne5 $1 $18 {Strongly threatening Rd7.} Kh7 35. Rd7) 34... Nf5 $11 35. Rf4 Re1+ 36. Kh2 Qa8 (36... Qb8 {is more complex.} 37. Kg2 Qa8+ 38. Qd5 Qxd5+ 39. cxd5 Kg8) 37. Qd5 {[%emt 0:00:21] Dodges Qh1+} Qxd5 (37... Qb8 {keeps more tension.} 38. Kg2 a5 39. Qxa5 Re8) 38. cxd5 {[%emt 0:00:04][%cal Od5d6][%mdl 4096] Endgame aiming for d6! KRN-KRN} Kg8 39. Ra4 Kf8 40. Ne6+ Ke7 41. Rxa6 Re4 42. f4 Re2+ 43. Kh3 Re3+ 44. Kh2 Rd3 45. Ra7+ Kf6 46. Ra6 {[%emt 0:05:45] Hoping for Nc5+.} Rd2+ (46... Rxd5 47. Nc7+ Rd6 48. Ne8+ Ke6 49. Nxd6 Nxd6 50. Kh3 $16) 47. Kh3 Ne3 ({Don't do} 47... Rxd5 48. Nc7+ Rd6 49. Ne8+ Ke6 50. Nxd6 Nxd6 51. Kg3 $16) 48. Nd4+ Kf7 49. Ra7+ Ke8 50. Ne6 (50. Nf3 $11 Rxd5 51. Rxg7) 50... Nf1 $1 {[%emt 0:01:19][%csl Gf1][%cal Rd2h2] Black mates.} ({Worse is} 50... Nxd5 51. Nxg7+ Kd8 52. f5 gxf5 53. Nxf5 $11) 51. Nxg7+ {[%emt 0:06:00] [#]} Kd8 $1 52. Ne6+ {[%emt 0:00:19] [#]} Kc8 $1 {[%emt 0:00:05] Quite a comeback for Black.   Weighted Error Value: White=0.21 (precise) /Black=0.09 (flawless)} 0-1